 Dungeon Crawl Stone Soup version 0.23-a0-703-gdf2d5e0 (webtiles) character file.

30 zishaf the Chopper (level 3, -5/33 HPs)
             Began as a Hill Orc Monk on Jan 13, 2019.
             Slain by a kobold
             ... wielding a +0 whip of electrocution
              (17 damage)
             ... on level 2 of the Dungeon.
             The game lasted 00:01:51 (954 turns).

zishaf the Chopper (Hill Orc Monk)                   Turns: 954, Time: 00:01:51

Health: -5/33      AC:  5    Str: 14    XL:     3   Next: 20%
Magic:  3/3        EV: 13    Int: 10    God:
Gold:   98         SH:  0    Dex: 16    Spells: 2/2 levels left

rFire    . . .     SeeInvis .   a - +0 hand axe
rCold    . . .     Gourm    .   (no shield)
rNeg     . . .     Faith    .   b - +0 robe
rPois    .         Spirit   .   (no helmet)
rElec    .         Reflect  .   (no cloak)
rCorr    .         Harm     .   f - +2 pair of gloves
MR       .....                  (no boots)
Stlth    ++........             (no amulet)
HPRegen  0.11/turn              p - +3 ring of dexterity
MPRegen  0.08/turn              (no ring)

@: no status effects
A: no striking features
a: no special abilities


You were on level 2 of the Dungeon.
You were not hungry.

You visited 1 branch of the dungeon, and saw 2 of its levels.

You collected 98 gold pieces.

Inventory:

Hand Weapons
 a - a +0 hand axe (weapon)
Missiles
 e - 60 stones
 g - 7 silver tomahawks (quivered)
Armour
 b - a +0 robe (worn)
 f - a +2 pair of gloves (worn)
Jewellery
 p - a +3 ring of dexterity (left hand)
Scrolls
 d - 2 scrolls of random uselessness {unknown}
 h - 3 scrolls of remove curse {unknown}
 i - 2 scrolls of amnesia {unknown}
 l - a scroll of enchant armour {unknown}
 m - a scroll of teleportation {unknown}
 n - 2 scrolls of magic mapping {unknown}
 o - a scroll of identify {unknown}
Potions
 j - a potion of degeneration {unknown}
 k - 2 potions of curing {unknown}
Comestibles
 c - 3 rations


   Skills:
 + Level 4.0 Fighting
 + Level 4.5 Axes
 + Level 1.2 Armour
 + Level 2.7 Dodging
 - Level 1.5 Stealth


You had 2 spell levels left.
You didn't know any spells.
Your spell library was empty.

Dungeon Overview and Level Annotations

Branches:
Dungeon (2/15)

Altars:


Message History

You now have 85 gold pieces (gained 13).
You now have 87 gold pieces (gained 2).
Found a dagger.
c - 3 rations (gained 1)
You now have 98 gold pieces (gained 11).
You see here a dagger.
A kobold comes into view.
It is wielding a +0 whip of electrocution.
The kobold shouts!
The kobold hits you with a +0 whip of electrocution.
You barely miss the kobold. The kobold hits you but does no damage.
You are electrocuted!
You are too injured to fight recklessly!
You are too injured to fight recklessly!
You are too injured to fight recklessly!
You hit the kobold.
The kobold is heavily wounded.
The kobold hits you with a +0 whip of electrocution.
You are electrocuted!
Ouch! That really hurt!
You die...

########## #.........
#.#######.
###########.#### #
##..............# #.###
...#########.##.##......
#### #.##.@K......
#.##.##.#.### #.##.# #
#..... ...... ####..
#... #.


You could see a kobold.

Vanquished Creatures
  An adder (D:2)
  An ooze (D:2)
  2 giant cockroaches (D:1)
  2 hobgoblins
  3 bats
  A frilled lizard (D:1)
  6 goblins (D:1)
  A rat (D:1)
17 creatures vanquished.

Notes
Turn   | Place    | Note
-------+----------+-------------------------------------------
     0 | D:1      | zishaf the Hill Orc Monk began the quest for the Orb.
     0 | D:1      | Reached XP level 1. HP: 19/19 MP: 1/1
   211 | D:1      | Reached XP level 2. HP: 25/27 MP: 2/2
   483 | D:2      | Reached skill level 1 in Armour
   847 | D:2      | Reached XP level 3. HP: 32/33 MP: 3/3
   954 | D:2      | Slain by a kobold

Vault maps used:
D:1:      dpeg_arrival_rhombi
D:2:      first_ration

Skill      XL: |  1  2 |
---------------+-------+-----
Armour         | 1 |  1.2
Fighting       | 4 |  4.0
Axes           | |  4.5
Dodging        | |  2.7
Stealth        | |  1.5

Action                   || total
-------------------------++-------
Melee: Hand axe          ||    71
Throw: Tomahawk          ||     7
       Stone             ||     3
 Stab: Sleeping          ||     4
Armor: Robe              ||    17
Dodge: Dodged            ||    50

Table legend:
 A = Non-vault XP
 B = Vault XP
 C = Vault XP percentage of total XP
 D = Non-vault monster count
 E = Vault monster count
 F = Vault count percentage of total count
                 A         B        C        D         E       F
            +---------+---------+-------+---------+---------+-------
      Total |      44 |       0 |   0.0 |      17 |       0 |   0.0
            +---------+---------+-------+---------+---------+-------
        D:1 |      20 |       0 |   0.0 |      13 |       0 |   0.0
        D:2 |      24 |       0 |   0.0 |       4 |       0 |   0.0
            +---------+---------+-------+---------+---------+-------
